 Dungeon Crawl Stone Soup version 0.22-a0-362-g535178c (webtiles) character file.

108 Amnesiac the Purveyor of Pain (level 4, -2/33 HPs)
             Began as a Mummy Necromancer on Apr 20, 2018.
             Was an Initiate of Kikubaaqudgha.
             Killed from afar by Natasha (5 damage)
             ... with a magic dart
             ... on level 2 of the Dungeon.
             The game lasted 00:03:09 (2105 turns).

Amnesiac the Purveyor of Pain (Mummy Necromancer)   Turns: 2105, Time: 00:03:09

Health: -2/33      AC:  2    Str: 11    XL:     4   Next: 58%
Magic:  1/8        EV: 13    Int: 15    God:    Kikubaaqudgha [......]
Gold:   142        SH:  0    Dex: 12    Spells: 5/9 levels left

rFire    x . .     SeeInvis .   b - +0 spear
rCold    + . .     Gourm    .   (no shield)
rNeg     + + +     Faith    .   a - +0 robe
rPois    ∞         Spirit   .   (no helmet)
rElec    .         Reflect  .   (no cloak)
rCorr    .         Harm     .   (no gloves)
MR       .....                  (no boots)
Stlth    ++........             (no amulet)
HPRegen  0.11/turn              (no ring)
MPRegen  0.11/turn              (no ring)

@: very slightly contaminated
A: no food or potions, fire vulnerability, cold resistance 1, negative energy
resistance 3, torment resistance, unbreathing
a: Renounce Religion


You were on level 2 of the Dungeon.
You worshipped Kikubaaqudgha.
Kikubaaqudgha was noncommittal.
You were not hungry.

You visited 1 branch of the dungeon, and saw 3 of its levels.

You collected 142 gold pieces.

Inventory:

Hand Weapons
 b - a +0 spear (weapon)
 c - a +2 scimitar of holy wrath
Missiles
 k - 63 stones (quivered)
Armour
 a - a +0 robe (worn)
 g - a +0 ring mail
Jewellery
 j - an uncursed ring of protection from magic {unknown}
Scrolls
 d - 2 scrolls of teleportation {!r, unknown}
 e - 5 scrolls of identify {!r, unknown}
 f - a scroll of magic mapping {!r, unknown}
 h - a scroll of noise {!r, unknown}
 i - a scroll of remove curse {!r, unknown}
 l - a scroll of immolation {!r, unknown}
 m - a scroll of enchant weapon {!r, unknown}


   Skills:
 + Level 1.9 Fighting
 * Level 3.1 Dodging
 - Level 1.5 Stealth
 - Level 3.0 Spellcasting
 + Level 4.4 Necromancy


You had 5 spell levels left.
You knew the following spells:

 Your Spells              Type           Power        Failure   Level  Hunger
a - Pain                  Necr           ###.         3%          1    N/A
d - Vampiric Draining     Necr           ###.......   10%         3    N/A

Dungeon Overview and Level Annotations

Branches:
Dungeon (3/15)

Altars:
Ashenzari
Kikubaaqudgha
Okawaru
Trog
Xom

Annotations:
D:2 Natasha
D:3 1 runed door


Innate Abilities, Weirdness & Mutations

You do not eat or drink.
Your flesh is vulnerable to fire.
You are immune to poison.
Your flesh is cold resistant. (rC+)
You are immune to negative energy. (rN+++)
You are immune to unholy pain and torment.
You can survive without breathing.


Message History

Confirm with . or Enter, or press ? or * to list all spells.
Aiming: Pain (safe; 3% risk of failure)
Press: ? - help, Shift-Dir - straight line, f/p - Natasha
Aim: Natasha (lightly wounded, chance to defeat MR: 73%) Natasha struggles to resist.
Natasha barely misses you.
The crimson imp disappears for a moment.
Unknown command.
Casting: Pain (safe; 3% risk of failure)
Confirm with . or Enter, or press ? or * to list all spells.
Aiming: Pain (safe; 3% risk of failure)
Press: ? - help, Shift-Dir - straight line, f/p - Natasha
Aim: Natasha (lightly wounded, chance to defeat MR: 73%) Natasha struggles to resist.
Natasha claws you.
Casting: Pain (safe; 3% risk of failure)
Confirm with . or Enter, or press ? or * to list all spells.
Aiming: Pain (safe; 3% risk of failure)
Press: ? - help, Shift-Dir - straight line, f/p - Natasha
Aim: Natasha (lightly wounded, chance to defeat MR: 73%) Natasha writhes in agony!
Natasha stares at you and mumbles some strange words.
You resist with some effort.
Unknown command.
Casting: Pain (safe; 3% risk of failure)
Confirm with . or Enter, or press ? or * to list all spells.
Aiming: Pain (safe; 3% risk of failure)
Press: ? - help, Shift-Dir - straight line, f/p - Natasha
Aim: Natasha (moderately wounded, chance to defeat MR: 73%) Natasha writhes in agony!
Natasha claws you.
Casting: Pain (safe; 3% risk of failure)
Confirm with . or Enter, or press ? or * to list all spells.
You don't have enough magic to cast that spell.
Casting: Pain (safe; 3% risk of failure)
Confirm with . or Enter, or press ? or * to list all spells.
You don't have enough magic to cast that spell.
You closely miss Natasha.
Natasha is heavily wounded.
Natasha claws you but does no damage. The crimson imp barely misses you.
You barely miss Natasha.
Natasha is heavily wounded.
Natasha extends her claws.
Natasha claws you.
* * * LOW HITPOINT WARNING * * *
The crimson imp hits you.
* * * LOW HITPOINT WARNING * * *
The crimson imp hits you but does no damage.
Natasha claws you.
* * * LOW HITPOINT WARNING * * *
The crimson imp hits you.
* * * LOW HITPOINT WARNING * * *
Okay, then.
The crimson imp puffs mist at you. Natasha misses you.
Casting: Pain (safe; 3% risk of failure)
Confirm with . or Enter, or press ? or * to list all spells.
Aiming: Pain (safe; 3% risk of failure)
Press: ? - help, Shift-Dir - straight line, f/p - Natasha
Aim: Natasha (heavily wounded, chance to defeat MR: 73%) Natasha struggles to resist.
Natasha casts a spell.
Unknown command.
Natasha casts a spell at you. The magic dart hits you!
You die...
Kikubaaqudgha rasps: "You have failed me!
Welcome... oblivion!"

#........>......##8..
#...........########_
#............... ##
#.........##.###
#..........#.##
####.............#
##..5.h####.####...
##.......###.# ##.#
#........@...#
#..........###
#.......<....#####
#...........)..†.#
#...................
##..<............#.#
#..................#
#...............####
#[................


You could see an iron imp and Natasha.

Vanquished Creatures
  3 adders
  3 gnolls (D:3)
  An ooze (D:1)
  A dart slug (D:2)
  An orc (D:3)
  5 giant cockroaches
  4 goblins
  8 hobgoblins
  A ball python (D:1)
  8 bats
  5 frilled lizards
  3 kobolds
  4 rats
47 creatures vanquished.

Notes
Turn   | Place    | Note
-------+----------+-------------------------------------------
     0 | D:1      | Amnesiac the Mummy Necromancer began the quest for the Orb.
     0 | D:1      | Reached XP level 1. HP: 13/13 MP: 4/4
   207 | D:1      | Reached XP level 2. HP: 13/20 MP: 0/6
   697 | D:2      | Noticed Natasha
   704 | D:2      | Reached skill level 1 in Fighting
   716 | D:2      | Found a shattered altar of Ashenzari.
   717 | D:2      | Found a bloodstained altar of Trog.
   780 | D:2      | Reached XP level 3. HP: 23/26 MP: 0/7
   785 | D:2      | Learned a level 3 spell: Vampiric Draining
   895 | D:2      | Found an ancient bone altar of Kikubaaqudgha.
   897 | D:2      | Found an iron altar of Okawaru.
  1149 | D:3      | Reached XP level 4. HP: 32/32 MP: 5/8
  1150 | D:3      | Found a shimmering altar of Xom.
  1335 | D:3      | Found a runed door.
  1485 | D:2      | Became a worshipper of Kikubaaqudgha
  2105 | D:2      | Killed from afar by Natasha

Vault maps used:
D:1:      dpeg_arrival_court
D:2:      nicolae_overflow_hidden_temple, first_ration, fedhas_altar_fruit_tree,
          uniq_natasha
D:3:      nicolae_overflow_crystal_walls, uniq_crazy_yiuf_cottage

Skill      XL: |  1  2  3  4 |
---------------+-------------+-----
Dodging        | 2 3 |  3.1
Spellcasting   | 3 |  3.0
Fighting       | 1 |  1.9
Stealth        | |  1.5
Necromancy     | |  4.4

Action                   |  1- 3 |  4- 6 || total
-------------------------+-------+-------++-------
Melee: Spear             |     1 |    17 ||    18
 Cast: Pain              |    58 |    31 ||    89
 Stab: Sleeping          |       |     3 ||     3
Armor: Robe              |    10 |     4 ||    14
Dodge: Dodged            |    27 |    16 ||    43

Table legend:
 A = Spawn XP
 B = Non-spawn XP
 C = Spawn XP percentage of total XP
 D = Spawn monster count
 E = Non-spawn monster count
 F = Spawn count percentage of total count
 G = Total turns spent on level
                    A         B        C        D         E        F      G
               +---------+---------+-------+---------+---------+-------+---------
         Total |       0 |     155 |   0.0 |       0 |      47 |   0.0 |  2105
               +---------+---------+-------+---------+---------+-------+---------
           D:1 |       0 |      38 |   0.0 |       0 |      21 |   0.0 |  1179
           D:2 |       0 |      36 |   0.0 |       0 |      13 |   0.0 |   365
           D:3 |       0 |      81 |   0.0 |       0 |      13 |   0.0 |   561
               +---------+---------+-------+---------+---------+-------+---------
